Map: [ESL] Inside and Out

Players

Elazer - Winner!

  • Race: Zerg Zerg
  • Spawn Location: 1:00

Ryung

  • Race: Terran Terran
  • Spawn Location: 7:00

Event: DreamHack SC2 Masters 2022 Atlanta (Offline)

VOD

Have the link to the VOD?

Description

Time

  • Played on: Nov. 18, 2022, 7:16 p.m.
  • Length: 13:11

All games in this series

Show
View Real Time Build Order
Export as new Build Order

Elazer Zerg - Winner!

Build Orders: Hatch First 

Get SALT Encoding   

  12  0:00  Drone  
  13  0:12  Overlord  
  13  0:16  Drone  
  14  0:30  Drone x2  
  16  0:48  Hatchery  
  15  0:51  Drone  
  15  0:54  Drone  
  17  0:57  Drone  
  18  1:08  Extractor  
  17  1:12  Spawning Pool  
  17  1:16  Drone  
  17  1:20  Drone  
  18  1:27  Drone  
  19  1:39  Drone  
  20  1:50  Drone  
  21  1:59  Queen x2  
  21  2:00  Zergling x2  
  21  2:01  Zergling x2  
  27  2:11  Drone  
  27  2:12  Metabolic Boost, Overlord  
  28  2:30  Drone, Hatchery  
  28  2:35  Drone x2  
  30  2:37  Drone  
  30  2:43  Queen  
  33  2:48  Overlord  
  34  2:51  Drone  
  34  2:53  Drone  
  34  2:56  Drone  
  36  3:05  Overlord  
  36  3:08  Drone x4  
  40  3:13  Queen  
  42  3:20  Queen  
  42  3:24  Overlord  
  44  3:28  Drone  
  44  3:31  Drone x2  
  47  3:37  Drone  
  47  3:40  Zergling x6  
  51  3:44  Queen  
  51  3:45  Drone  
  51  3:47  Overlord  
  51  3:48  Drone  
  55  3:52  Drone x3  
  58  3:56  Queen  
  58  4:01  Drone x2  
  62  4:06  Overlord  
  62  4:07  Drone x2  
  63  4:16  Drone x3  
  66  4:19  Drone x3  
  66  4:20  Queen  
  66  4:23  Overlord  
  71  4:27  Drone x2  
  71  4:28  Drone  
  74  4:31  Drone x2  
  74  4:33  Lair  
  74  4:37  Queen  
  78  4:38  Extractor  
  78  4:39  Drone x2  
  79  4:46  Drone x2  
  79  4:48  Baneling Nest  
  79  4:50  Drone x2  
  82  4:54  Overlord  
  82  4:57  Extractor  
  82  4:58  Zergling x6  
  84  5:04  Zergling x6  
  87  5:07  Hatchery  
  87  5:08  Overlord  
  87  5:10  Spore Crawler  
  87  5:11  Spore Crawler, Drone  
  85  5:15  Drone x6  
  85  5:17  Extractor  
  90  5:24  Drone  
  90  5:25  Overlord  
  90  5:33  Drone  
  90  5:35  Centrifugal Hooks  
  91  5:36  Drone x2  
  91  5:38  Evolution Chamber  
  91  5:39  Evolution Chamber  
  91  5:40  Drone x3  
  94  5:44  Hatchery  
  94  5:45  Overseer  
  94  5:49  Zergling x12  
  90  6:06  Drone x7  
  93  6:16  Zergling x6  
  91  6:22  Drone x4  
  92  6:28  Zerg Melee Weapons Level 1  
  92  6:39  Zergling x12  
  98  6:41  Zerg Ground Armor Level 1  
  98  6:46  Drone x2  
  100  6:50  Drone  
  100  6:51  Drone  
  100  6:52  Zergling x4  
  100  6:53  Hatchery  
  103  6:56  Baneling x7  
  103  6:58  Zergling x8  
  107  7:02  Overlord  
  107  7:10  Zergling x2, Pneumatized Carapace  
  107  7:11  Zergling x12  
  114  7:16  Overlord  
  114  7:17  Zergling x8  
  114  7:18  Zergling x10  
  121  7:31  Overlord  
  121  7:33  Drone x3  
  121  7:35  Drone  
  121  7:36  Spore Crawler  
  124  7:37  Burrow  
  124  7:41  Zergling x22  
  135  7:46  Baneling x3, Hatchery  
  135  7:47  Baneling x9  
  135  7:49  Zergling x16  
  135  7:50  Zergling x2  
  142  8:02  Zergling x16  
  150  8:05  Zergling x2  
  150  8:06  Zergling x10  
  150  8:09  Overlord  
  150  8:10  Overlord  
  147  8:23  Baneling x9  
  137  8:27  Zergling x30  
  137  8:31  Zergling x8  
  137  8:32  Queen  
  137  8:34  Queen x2  
  148  8:35  Zergling x10  
  148  8:37  Baneling  
  148  8:39  Zergling x6  
  156  8:44  Zergling x6  
  156  8:45  Zergling x12  
  156  8:46  Queen x2  
  169  8:50  Zergling x4  
  167  8:58  Zergling x8  
  161  9:03  Zergling x12  
  161  9:09  Zergling x2  
  155  9:10  Zergling x16  
  155  9:16  Zergling x10  
  149  9:17  Baneling x7  
  149  9:20  Zergling x2  
  149  9:21  Zergling x6, Zerg Melee Weapons Level 2, Zerg Ground Armor Level 2  
  142  9:29  Zergling x2  
  142  9:30  Zergling x8  
  142  9:31  Baneling x8  
  144  9:33  Zergling x10  
  143  9:40  Zergling x2  
  133  9:50  Zergling x12  
  129  9:55  Baneling x13  
  129  9:56  Zergling x16  
  129  9:59  Zergling x16  
  134  10:05  Zergling x6  
  132  10:07  Zergling x6  
  132  10:10  Baneling x7  
  132  10:12  Zergling x2  
  136  10:15  Zergling x2  
  136  10:16  Zergling x2  
  136  10:17  Baneling x7  
  134  10:23  Zergling x2  
  134  10:24  Zergling x6  
  137  10:28  Zergling x8  
  137  10:34  Zergling x4  
  141  10:37  Zergling x4  
  143  10:43  Zergling x14  
  143  10:47  Baneling x11  
  150  10:52  Zergling x8  
  150  10:57  Zergling x6  
  150  11:01  Baneling x8  
  153  11:05  Zergling x10  
  153  11:10  Zergling x8  
  159  11:17  Zergling x22  
  164  11:24  Zergling x10  
  154  11:27  Zergling x12  
  154  11:29  Overlord  
  161  11:32  Zergling x2  
  161  11:33  Zergling x2  
  158  11:41  Zergling x20  
  158  11:43  Baneling x17  
  168  11:49  Zergling x6  
  168  11:52  Zergling x6  
  173  11:55  Baneling x3  
  173  12:00  Drone x2  
  175  12:01  Zergling x8  
  175  12:02  Spore Crawler  
  176  12:10  Zergling x6  
  176  12:12  Overlord x2  
  177  12:16  Baneling x2  
  177  12:17  Zergling x2  
  177  12:18  Zergling x10  
  177  12:21  Baneling x10  
  157  12:32  Zergling x12  
  157  12:33  Zergling x32  
  157  12:35  Zergling x2  
  148  12:39  Zergling x16  
  146  12:44  Zergling x4  
  146  12:50  Zergling x8  
Show
View Real Time Build Order
Export as new Build Order

Ryung Terran 

Build Orders: Hellion Banshee 

Get SALT Encoding   

  12  0:00  SCV  
  13  0:12  SCV  
  14  0:16  Supply Depot  
  14  0:24  SCV  
  15  0:38  SCV  
  15  0:39  Barracks  
  16  0:43  Refinery  
  16  0:50  SCV  
  17  1:02  SCV  
  18  1:14  SCV  
  20  1:25  Reaper  
  20  1:26  Orbital Command  
  20  1:39  Command Center  
  20  1:48  Supply Depot  
  20  1:52  SCV  
  21  1:57  Marine  
  22  2:04  SCV  
  23  2:12  Factory  
  23  2:16  SCV  
  23  2:19  Barracks Reactor  
  24  2:28  SCV  
  25  2:40  SCV  
  25  2:41  Command Center  
  26  2:52  SCV, Orbital Command  
  27  2:59  Starport  
  27  3:05  SCV  
  28  3:06  Refinery  
  28  3:13  Hellion  
  28  3:14  Hellion  
  28  3:18  SCV  
  28  3:19  SCV  
  34  3:23  Barracks Tech Lab  
  34  3:30  SCV  
  34  3:31  SCV  
  36  3:35  Hellion  
  36  3:36  Hellion  
  40  3:43  SCV x2  
  40  3:45  Banshee  
  40  3:47  Marine  
  46  3:55  SCV, Orbital Command  
  47  3:56  SCV  
  47  3:58  Cloaking Field  
  48  4:05  Supply Depot, Hellion  
  48  4:08  Hellion  
  52  4:10  SCV  
  52  4:11  SCV  
  52  4:13  Barracks Tech Lab  
  54  4:21  SCV  
  54  4:22  SCV  
  56  4:27  Supply Depot, Hellion, Banshee  
  63  4:31  Hellion  
  63  4:37  Stimpack  
  63  4:39  SCV x3  
  63  4:45  Supply Depot, Orbital Command  
  66  4:51  SCV x2  
  68  4:56  Barracks  
  68  4:57  Marine  
  68  4:58  Factory Reactor  
  68  4:59  Barracks  
  69  5:00  Supply Depot  
  69  5:04  Engineering Bay  
  69  5:06  Refinery, SCV  
  69  5:07  Engineering Bay, Refinery, SCV  
  70  5:11  SCV  
  72  5:15  Marine  
  72  5:19  Supply Depot  
  73  5:23  SCV  
  73  5:24  SCV x2  
  76  5:32  Starport Reactor  
  76  5:33  Barracks x2  
  76  5:34  Terran Infantry Armor Level 1, Terran Infantry Weapons Level 1  
  76  5:36  SCV x2, Marine  
  79  5:48  SCV x3  
  82  5:52  Marine x2  
  82  5:54  Marine  
  82  5:55  Siege Tank  
  86  6:01  SCV  
  86  6:02  SCV x2, Marine x2  
  91  6:09  Supply Depot  
  91  6:10  Supply Depot, Marine  
  86  6:12  Medivac x2  
  84  6:18  Marine  
  84  6:19  Marine  
  84  6:20  Marine x2  
  84  6:21  SCV x3  
  84  6:24  Barracks Reactor x2  
  84  6:25  Combat Shield  
  82  6:33  SCV x2  
  82  6:35  Siege Tank, Marine  
  82  6:36  Marine  
  82  6:37  Refinery  
  89  6:42  Armory  
  89  6:45  SCV x3  
  89  6:46  Marine x3  
  95  6:52  Supply Depot  
  95  6:53  Supply Depot, Marine  
  96  6:54  Medivac, Marine  
  96  6:57  SCV x3  
  96  7:01  Medivac, Marine x4  
  104  7:04  Marine x3  
  111  7:13  SCV  
  111  7:14  SCV x2, Barracks  
  111  7:15  Barracks x2  
  114  7:18  Supply Depot  
  114  7:19  Supply Depot  
  114  7:22  Siege Tank  
  117  7:24  Marine x4  
  117  7:25  Marine  
  117  7:28  Marine  
  117  7:29  Terran Infantry Weapons Level 2  
  123  7:33  Supply Depot x2, Marine x3  
  126  7:42  Terran Infantry Armor Level 2, Marine x4  
  126  7:43  Marine  
  131  7:46  Marine  
  131  7:51  Marine x3  
  132  7:57  Terran Vehicle Weapons Level 1  
  137  8:00  Marine x5  
  137  8:04  Marine  
  137  8:05  Siege Tank  
  144  8:09  Marine x2  
  144  8:10  Marine  
  147  8:18  Marine x2  
  149  8:23  Marine  
  149  8:24  Marine x3  
  149  8:27  Marine x2  
  136  8:33  Marine  
  138  8:35  Marine x2  
  138  8:36  Medivac  
  138  8:37  SCV x3  
  138  8:39  Siege Tank  
  138  8:40  Marine  
  149  8:41  Supply Depot  
  149  8:42  Supply Depot  
  149  8:48  Supply Depot  
  149  8:49  Marine x5  
  149  8:51  Marine  
  149  8:53  Marine x2  
  154  8:58  Marine  
  151  9:07  Marine x5  
  151  9:08  Marine x2  
  151  9:09  Marine  
  146  9:11  Marine x2  
  146  9:13  Marine  
  146  9:16  Marine  
  128  9:20  SCV x2  
  122  9:24  SCV  
  122  9:25  Marine x6  
  122  9:26  Marine x2  
  122  9:29  Marine  
  122  9:30  Siege Tank  
  134  9:32  SCV, Marine x2  
  135  9:39  Marine  
  135  9:42  Marine x3  
  135  9:44  Medivac  
  128  9:47  SCV x3  
  128  9:49  Marine  
  132  9:58  Marine x3  
  132  10:01  Marine  
  132  10:03  Siege Tank, Marine x2  
  132  10:05  Marine  
  131  10:11  Marine x2  
  133  10:15  Marine  
  133  10:16  Marine x2  
  133  10:17  Marine  
  133  10:22  Marine x2  
  132  10:30  Medivac x2  
  132  10:34  Supply Depot, Marine  
  133  10:36  Supply Depot  
  133  10:37  Marine  
  134  10:46  Siege Tank  
  134  10:48  SCV  
  134  10:49  SCV  
  137  11:00  Medivac x2  
  137  11:03  SCV x2  
  137  11:04  Supply Depot x2  
  143  11:17  Marine x2  
  143  11:18  Siege Tank, Marine x2  
  146  11:22  Marine  
  151  11:30  Medivac x2, Marine x3  
  151  11:31  Marine  
  159  11:32  Marine  
  159  11:36  Marine x2  
  161  11:49  Supply Depot, Marine  
  161  11:50  Supply Depot, Siege Tank  
  165  11:55  Marine  
  165  11:57  Supply Depot x2  
  164  12:07  Marine x4  
  164  12:08  Marine  
  169  12:09  Marine  
  169  12:10  Marine  
  166  12:16  Marine x3  
  166  12:18  Marine x2  
  163  12:23  Liberator, Siege Tank  
  163  12:24  Marine x2  
  163  12:25  Marine  
  163  12:29  Marine x2  
  156  12:30  Marine x2  
  156  12:34  Marine x3  
  156  12:36  Marine  
  122  12:38  Marine  
  122  12:42  Marine  
  122  12:43  Marine x2  
  121  12:47  Marine x2  
Tags
 
Add a new tag
Caveats
  • Supply blocks, unpowered buildings, or Contaminate may cause inaccurate times.
  • Supply counts are checked every 10 seconds.